 Dungeon Crawl Stone Soup version 0.30-a0-867-g305f33218d (webtiles) character file.

Game seed: 11555833338570582821

74 Sabo the Conjurer (level 4, 0/34 HPs)
             Began as a Gnoll Wanderer on Mar 11, 2023.
             Slain by an orc wizard
             ... wielding a +0 dagger
              (3 damage)
             ... on level 3 of the Dungeon.
             The game lasted 00:16:46 (2612 turns).

Sabo the Conjurer (Gnoll Wanderer)                  Turns: 2612, Time: 00:16:46

Health: 0/34       AC:  3    Str:  8    XL:     4   Next: 28%
Magic:  4/8        EV:  9    Int: 13    God:
Gold:   31         SH:  0    Dex: 15    Spells: 8/9 levels left

rFire   + . .      SeeInvis .    n - +2 dagger (drain)
rCold   . . .      Faith    .    (no shield)
rNeg    . . .      Spirit   .    d - +0 robe
rPois   .          Reflect  .    (no helmet)
rElec   .          Rampage  .    (no cloak)
rCorr   .                        p - +0 pair of gloves
Will    .....                    (no boots)
Stlth   ++                       i - amulet "Benim" {Fly Regen+}
HPRegen 1.05/turn                e - ring of protection from fire
MPRegen 0.11/turn                (no ring)

@: lethally poisoned (0 -> 0), grasped by roots, flying, very slightly
contaminated, constricted
A: fangs 1, strong nose, distributed training
a: no special abilities


You were on level 3 of the Dungeon.
You visited 1 branch of the dungeon, and saw 3 of its levels.

You collected 75 gold pieces.
You spent 44 gold pieces at shops.

Inventory:

Hand Weapons
 g - a +0 short sword
 n - a +2 dagger of draining (weapon)
Missiles
 b - 14 poisoned darts (quivered)
 l - 3 silver boomerangs
Armour
 d - a +0 robe (worn)
 h - a +0 ring mail
 p - a +0 pair of gloves (worn)
Jewellery
 e - a ring of protection from fire (left hand)
 i - the amulet "Benim" (around neck) {Fly Regen+}
   (You acquired it on level 2 of the Dungeon)

   [amulet of regeneration]

   Fly:       It grants you flight.
   Regen:     It increases your rate of health regeneration.
Wands
 k - a wand of digging (7)
Scrolls
 c - a scroll of teleportation
 f - a scroll of enchant weapon
 j - a scroll of poison
Potions
 m - a potion of flight
 o - a potion of haste {unknown}
 q - a potion of invisibility {unknown}


   Skills:
 + Level 2.7 Fighting
 + Level 1.1 Short Blades
 + Level 1.1 Long Blades
 + Level 1.1 Axes
 + Level 1.1 Maces & Flails
 + Level 1.1 Polearms
 + Level 1.1 Staves
 + Level 1.1 Ranged Weapons
 + Level 4.6 Throwing
 + Level 4.6 Armour
 + Level 1.1 Dodging
 + Level 1.1 Stealth
 + Level 1.1 Shields
 + Level 1.1 Unarmed Combat
 + Level 3.0 Spellcasting
 + Level 5.4 Conjurations
 + Level 0.9 Hexes
 + Level 0.9 Summonings
 + Level 0.9 Necromancy
 + Level 0.9 Translocations
 + Level 0.9 Transmutations
 + Level 2.2 Fire Magic
 + Level 0.9 Ice Magic
 + Level 0.9 Air Magic
 + Level 0.9 Earth Magic
 + Level 0.9 Poison Magic
 + Level 1.2 Invocations
 + Level 1.1 Evocations


You had 8 spell levels left.
You knew the following spells:

 Your Spells              Type           Power      Damage    Failure   Level
a - Foxfire               Conj/Fire      48%        2x1d6     4%          1

Your spell library contained the following spells:

 Spells                   Type           Power      Damage    Failure   Level
 Mephitic Cloud           Conj/Pois/Air  8%         N/A       26%         3
 Inner Flame              Hex/Fire       6%         N/A       34%         3
 Fulminant Prism          Conj/Hex       5%         3d6       52%         4


Dungeon Overview and Level Annotations

Branches:
Dungeon (3/15)

Altars:

Shops:
D:2 ?

Annotations:
D:3 Ijyb


Innate Abilities, Weirdness & Mutations

You have very sharp teeth.
Your uncanny sense of smell can sniff out nearby items.
Your experience applies equally to all skills.


Message History

An orc comes into view. It is wielding a +0 dagger.
Ijyb hits you with a +0 dagger of venom.
* * * LOW HITPOINT WARNING * * *
The grasping roots constrict you.
* * * LOW HITPOINT WARNING * * *
The grasping roots release their grip on you.
You feel better.
The foxfire hits Ijyb but does no damage.
Ijyb is heavily wounded.
The foxfire hits Ijyb.
Ijyb is severely wounded.
An orc comes into view. It is wielding a +0 club.
Ijyb hits you but does no damage.
You are poisoned.
You hit Ijyb but do no damage. You drain Ijyb.
Ijyb is severely wounded.
You feel sick. Something hits you.
* * * LOW HITPOINT WARNING * * *
An orc comes into view. It is wielding a +0 hand axe.
Ijyb zaps a wand.
The roots erupt in riotous growth!
The grasping roots grab you!
Ijyb is unaffected.
The grasping roots constrict you.
* * * LOW HITPOINT WARNING * * *
You feel better. Something hits you.
An orc comes into view. It is wielding a +0 dagger.
Ijyb drinks a potion.
Ijyb is healed!
The grasping roots constrict you.
You hit Ijyb but do no damage.
Ijyb is moderately wounded.
Something hits you.
Ijyb hits you with a +0 dagger of venom.
* * * LOW HITPOINT WARNING * * *
You are poisoned.
The grasping roots constrict you.
* * * LOW HITPOINT WARNING * * *
Casting: Foxfire (safe; 4% risk of failure)
Confirm with . or Enter, or press ? or * to list all spells.
You miscast Foxfire.
You are very lightly contaminated with residual magic.
Nothing appears to happen.
You feel sick. Something hits you.
You die...

##############
##............#
..............#
...o...g......#### ##
.o..o..@.........######.
..o.....................
.......######...........
....... #...........
....... #..........[
....... #...........
....... #...........
....... #...........
#...........


You could see Ijyb (very drained) and 4 orcs.

Vanquished Creatures
  3 adders
  A worm (D:2)
  5 bats
  5 endoplasms
  3 giant cockroaches
  5 goblins
  6 hobgoblins
  3 quokkas
  2 ball pythons (D:1)
  5 frilled lizards
  2 rats (D:2)
40 creatures vanquished.

Vanquished Creatures (others)
  74 foxfires
74 creatures vanquished.

Grand Total: 114 creatures vanquished

Notes
Turn   | Place    | Note
-------+----------+-------------------------------------------
     0 | D:1      | Sabo the Gnoll Wanderer began the quest for the Orb.
     0 | D:1      | Sabo set off with the following items: a +0 dagger, 12
                  | poisoned darts, a scroll of teleportation, a +0 robe; and
                  | the following spells available to memorise: Foxfire,
                  | Mephitic Cloud, Inner Flame, Fulminant Prism.
     0 | D:1      | Reached XP level 1. HP: 17/17 MP: 4/4
    30 | D:1      | Learned a level 1 spell: Foxfire
   273 | D:1      | Reached XP level 2. HP: 23/23 MP: 3/5
  1376 | D:2      | Reached XP level 3. HP: 28/28 MP: 5/7
  1488 | D:2      | Reached skill level 1 in Invocations
  1672 | D:2      | Found Fyc Rolit's Magic Scroll Boutique.
  1736 | D:2      | Reached skill level 1 in Short Blades
  1736 | D:2      | Reached skill level 1 in Long Blades
  1736 | D:2      | Reached skill level 1 in Axes
  1736 | D:2      | Reached skill level 1 in Maces & Flails
  1736 | D:2      | Reached skill level 1 in Polearms
  1736 | D:2      | Reached skill level 1 in Staves
  1736 | D:2      | Reached skill level 1 in Ranged Weapons
  1736 | D:2      | Reached skill level 1 in Dodging
  1736 | D:2      | Reached skill level 1 in Stealth
  1736 | D:2      | Reached skill level 1 in Shields
  1736 | D:2      | Reached skill level 1 in Unarmed Combat
  1736 | D:2      | Reached skill level 1 in Evocations
  1796 | D:2      | Bought 2 scrolls of identify for 44 gold pieces
  1798 | D:2      | Identified a scroll of acquirement
  1800 | D:2      | Acquired the amulet "Benim" {Fly Regen+}
  2383 | D:2      | Reached XP level 4. HP: 34/34 MP: 5/8
  2598 | D:3      | Noticed Ijyb
  2612 | D:3      | Slain by an orc wizard

Illustrated notes

Levels and vault maps discovered:
D:1:      minmay_arrival_loop, layout_loops_corners, serial_forest,
          infiniplex_forest_lined_3_way, infiniplex_forest_straight_3,
          infiniplex_forest_lined_room_3, infiniplex_forest_clump_long,
          infiniplex_forest_clump_small, minmay_bisected
D:2:      layout_loops_ring, serial_shops, nicolae_diamond_shop
D:3:      wad_crossroads, layout_basic, uniq_ijyb, uniq_grinder

Skill      XL: |  1  2  3  4 |
---------------+-------------+-----
Fire Magic     | 2 |  2.2
Invocations    | 1 |  1.2
Short Blades   | 1 |  1.1
Long Blades    | 1 |  1.1
Axes           | 1 |  1.1
Maces & Flails | 1 |  1.1
Polearms       | 1 |  1.1
Staves         | 1 |  1.1
Ranged Weapons | 1 |  1.1
Dodging        | 1 |  1.1
Stealth        | 1 |  1.1
Shields        | 1 |  1.1
Unarmed Combat | 1 |  1.1
Evocations     | 1 |  1.1
Spellcasting   | 3 |  3.0
Fighting       | |  2.7
Throwing       | |  4.6
Armour         | |  4.6
Conjurations   | |  5.4
Hexes          | |  0.9
Summonings     | |  0.9
Necromancy     | |  0.9
Translocations | |  0.9
Transmutations | |  0.9
Ice Magic      | |  0.9
Air Magic      | |  0.9
Earth Magic    | |  0.9
Poison Magic   | |  0.9

Action                     |  1- 3 |  4- 6 || total
---------------------------+-------+-------++-------
  Melee: Dagger            |    31 |     4 ||    35
         Short sword       |    64 |       ||    64
         Bite              |     9 |       ||     9
         Punch             |     1 |       ||     1
   Cast: Foxfire           |    31 |     9 ||    40
    Use: Scroll            |     6 |     1 ||     7
         Potion            |       |     2 ||     2
   Stab: Sleeping          |     3 |       ||     3
 Armour: Robe              |    32 |     1 ||    33
  Dodge: Dodged            |    70 |       ||    70

Table legend: (Time is in decaauts)
 A = Elapsed time spent in this place.
 B = Non-inter-level travel time spent in this place.
 C = Inter-level travel time spent in this place.
 D = Time resting spent in this place.
 E = Time spent auto-exploring this place.
 F = Levels seen in this place.
 G = Mean time per level.
                   A        B        C        D        E       F      G
               +--------+--------+--------+--------+--------+-----+--------+
         Total |   2607 |   2607 |      0 |    587 |      0 |   3 |  869.0 |
       Dungeon |   2607 |   2607 |      0 |    587 |      0 |   3 |  869.0 |
               +--------+--------+--------+--------+--------+-----+--------+

Top non-repeatable levels by time:
     D:1: 1352 daAuts
     D:2: 1113 daAuts
     D:3: 141 daAuts
